 Dungeon Crawl Stone Soup version 0.24-a0-93-ge1bfdf8 (console) character file.

Game seed: 667011394272559149

343 Voker57 the Slasher (level 6, -7/73 HPs)
             Began as a Demonspawn Gladiator on Feb 11, 2019.
             Mangled by an orc wizard
             ... wielding a +0 dagger of electrocution
              (18 damage)
             ... on level 4 of the Dungeon.
             The game lasted 00:05:10 (3071 turns).

Voker57 the Slasher (Demonspawn Gladiator)          Turns: 3071, Time: 00:05:11

Health: -7/73      AC: 23    Str: 14    XL:     6   Next: 31%
Magic:  6/6        EV:  2    Int: 10    God:
Gold:   64         SH:  0    Dex: 21    Spells: 5/5 levels left

rFire    . . .     SeeInvis .   a - +0 long sword
rCold    . . .     Gourm    .   (no shield)
rNeg     + + +     Faith    .   (armour currently unavailable)
rPois    +         Spirit   .   (helmet currently unavailable)
rElec    .         Reflect  .   (cloak currently unavailable)
rCorr    .         Harm     .   (gloves currently unavailable)
MR       .....     NoTele   +   (boots currently unavailable)
Stlth    ++........             (no amulet)
HPRegen  0.22/turn              (no ring)
MPRegen  0.10/turn              (no ring)

@: confused, agile, tree-form
A: rugged brown scales 1, powered by pain 2
a: no special abilities


You were on level 4 of the Dungeon.
You were very hungry.
You were a tree.
You visited 1 branch of the dungeon, and saw 4 of its levels.

You collected 64 gold pieces.

Inventory:

Hand Weapons
 a - a +0 long sword (weapon)
 g - a +1 scythe of venom
Armour
 b - a +0 leather armour (melded)
 c - a +0 helmet (melded)
Jewellery
 d - a cursed -3 ring of intelligence
 e - an uncursed ring of flight {unknown}
 j - a cursed ring of teleportation {unknown}
 m - a +3 ring of evasion {unknown}
 r - an uncursed ring of flight {unknown}
Wands
 q - a wand of digging (3)
Scrolls
 o - a scroll of teleportation
Comestibles
 f - 6 rations


   Skills:
 + Level 3.7 Fighting
 * Level 5.0 Long Blades
 - Level 1.7 Throwing
 + Level 3.9 Dodging


You had 5 spell levels left.
You didn't know any spells.
Your spell library was empty.

Dungeon Overview and Level Annotations

Branches:
Dungeon (4/15)
 Temple: D:4-7

Altars:


Innate Abilities, Weirdness & Mutations

(You are partially covered in rugged brown scales. (AC +1, +3% HP))
You sometimes gain power by taking damage.


Message History

The orc hits you but does no damage. x2
You cannot move. (Use ctrl+direction or * direction to attack without moving.)
You cannot move. (Use ctrl+direction or * direction to attack without moving.)
You cannot move. (Use ctrl+direction or * direction to attack without moving.)
You swing at nothing.
The orc priest hits you but does no damage.
Something hits you but does no damage. The orc hits you but does no damage.
The orc hits you with a +0 falchion.
You hit the orc but do no damage.
The orc priest hits you but does no damage.
Something hits you but does no damage. The orc hits you but does no damage. x2
You closely miss the orc priest.
The orc priest hits you but does no damage.
Something hits you but does no damage.
You are electrocuted!
* * * LOW HITPOINT WARNING * * *
The orc hits you but does no damage. x2
You hit the orc priest.
The orc priest is lightly wounded.
Something hits you but does no damage.
You are electrocuted!!
You die...

#........#..###
#........#....#
#........#....#
#........#....#
#).......#....#
#...........#
#......#+#.##
####
#.........#####
###... ######
#.####o#o.......
...... .....# #.#
#.♣{..#.
#..####.##
.....#####.#
#o###.#
#.........
...........# #.#
#.......##
........#### ..#
##..###....
........#### .(..
...........
.........(.#....#
##..#.#.###
....>...........#
.........###
.........##.....#
# ..#.##......
..<......##.....
#. ...#.......
...............
##.#+#..#.......


You could see an orc priest and 2 orcs.

Vanquished Creatures
  Sigmund (D:2)
  Ijyb (D:3)
  Terence (D:2)
  An iguana (D:2)
  4 adders
  3 worms
  3 dart slugs
  2 leopard geckos
  3 giant cockroaches
  3 goblins
  4 hobgoblins
  3 jackals
  2 quokkas (D:2)
  A ball python (D:1)
  7 bats
  A frilled lizard (D:1)
  11 kobolds
  12 rats
63 creatures vanquished.

Notes
Turn   | Place    | Note
-------+----------+-------------------------------------------
     0 | D:1      | Voker57 the Demonspawn Gladiator began the quest for the
                  | Orb.
     0 | D:1      | Reached XP level 1. HP: 16/16 MP: 1/1
   181 | D:1      | Reached skill level 3 in Long Blades
   221 | D:1      | Gained mutation: You sometimes gain a little power by
                  | taking damage. [demonic ancestry]
   221 | D:1      | Reached XP level 2. HP: 19/22 MP: 2/2
   751 | D:2      | Reached XP level 3. HP: 14/28 MP: 3/3
  1275 | D:2      | Reached XP level 4. HP: 29/34 MP: 4/4
  1529 | D:2      | Noticed Terence
  1545 | D:2      | Killed Terence
  1545 | D:2      | Reached skill level 4 in Long Blades
  1639 | D:2      | Noticed Sigmund
  1676 | D:2      | Killed Sigmund
  1676 | D:2      | Gained mutation: You are partially covered in rugged brown
                  | scales. (AC +1, +3% HP) [demonic ancestry]
  1676 | D:2      | Reached XP level 5. HP: 17/42 MP: 5/5
  1676 | D:2      | Gained mutation: You sometimes gain power by taking damage.
                  | [demonic ancestry]
  1676 | D:2      | Reached XP level 6. HP: 20/48 MP: 6/6
  2364 | D:3      | Noticed Ijyb
  2388 | D:3      | Killed Ijyb
  2452 | D:3      | Reached skill level 5 in Long Blades
  3071 | D:4      | Mangled by an orc wizard

Levels and vault maps discovered:
D:1:      enne_arrival_octagon_isle, layout_basic, minmay_tromino_mix6
D:2:      layout_basic, first_ration, kennysheep_generic_room_9, uniq_terence,
          uniq_sigmund
D:3:      layout_loops_cross, uniq_ijyb, uniq_crazy_yiuf_cottage
D:4:      layout_basic

Skill      XL: |  1  2  3  4  5  6 |
---------------+-------------------+-----
Long Blades    | 3 4 5 |  5.0
Dodging        | 3 |  3.9
Fighting       | 3 |  3.7
Throwing       | |  1.7

Action                   |  1- 3 |  4- 6 || total
-------------------------+-------+-------++-------
Melee: Long sword        |   108 |   130 ||   238
Throw: Throwing net      |     1 |     2 ||     3
  Use: Potion            |       |     9 ||     9
       Scroll            |       |     5 ||     5
 Stab: Sleeping          |     3 |       ||     3
       Held in net/web   |     1 |     3 ||     4
  Eat: Chunk             |     1 |     5 ||     6
Armor: Leather armour    |    22 |    26 ||    48
       Skin              |       |    29 ||    29
Dodge: Dodged            |    74 |    77 ||   151
       Rpst.: Long sword |    19 |    23 ||    42

Table legend:
 A = Non-vault XP
 B = Vault XP
 C = Vault XP percentage of total XP
 D = Non-vault monster count
 E = Vault monster count
 F = Vault count percentage of total count
                 A         B        C        D         E       F
            +---------+---------+-------+---------+---------+-------
      Total |     181 |     310 |  63.1 |      55 |       8 |  12.7
            +---------+---------+-------+---------+---------+-------
        D:1 |      28 |       3 |   9.7 |      16 |       3 |  15.8
        D:2 |      87 |     271 |  75.7 |      21 |       4 |  16.0
        D:3 |      66 |      36 |  35.3 |      18 |       1 |   5.3
            +---------+---------+-------+---------+---------+-------
